[Event "Early-Titled-Tuesday-Blitz-March-26-2024"]
[Site "Chess.com"]
[Date "2024.03.26"]
[Round "3"]
[White "gorgeous1083"]
[Black "RamonManon0g"]
[Result "0-1"]
[WhiteElo "2031"]
[BlackElo "2383"]
[TimeControl "180+1"]
[EndTime "8:26:54 PDT"]
[Termination "RamonManon0g won on time"]

1. d4 Nf6 2. c4 g6 3. Nc3 d5 4.
cxd5 Nxd5 5. e4 Nxc3 6. bxc3 c5 7.
Nf3 Bg7 8. h3 O-O 9. Be3 Nc6 10.
Be2 cxd4 11. cxd4 Qa5+ 12. Bd2 Qd8 13. Bc3 b6 14. O-O Bb7 15. Rc1 Rc8 16. Ba1 Na5 17. Qd3 Bh6 18. Rxc8 Qxc8 19. d5 Rd8 20. Qd4 f6 21. Rd1 Qc2 22. Qb2 Qxe4 23. d6 Bf4 24. dxe7 Rxd1+ 25. Bxd1 Qxe7 26. Qxf6 Qxf6 27. Bxf6 Bd5 28. a3 Nc4 29. Bb3 b5 30. Bd4 a6 31.
Ne1 Bf7 32. Nd3 Bd6 33. Bxc4 bxc4 34. Nc5 c3 35. Kf1 c2 0-1

[Event "Early-Titled-Tuesday-Blitz-March-26-2024"]
[Site "Chess.com"]
[Date "2024.03.26"]
[Round "3"]
[White "quizden37"]
[Black "valeriocarnicelli"]
[Result "1-0"]
[WhiteElo "2852"]
[BlackElo "2562"]
[TimeControl "180+1"]
[EndTime "8:26:56 PDT"]
[Termination "quizden37 won by resignation"]

1. Nf3 Nf6 2. g3 e6 3. Bg2 d5 4.
O-O Be7 5. c4 c6 6. Nc3 O-O 7. d3 b6 8. e4 Bb7 9. exd5 cxd5 10.
Ne5 Nc6 11. Bf4 Nxe5 12. Bxe5 Rc8 13. Re1 Qd7 14. Qf3 Rfd8 15. Rad1 Ba8 16. Qe2 Bc6 17.
Bxf6 Bxf6 18. cxd5 Bxd5 19. Bxd5 exd5 20. d4 Re8 21.
Qf3 Rxe1+ 22. Rxe1 Bxd4 23. Nxd5 Re8 24. Rd1 Qh3 25.
Nf4 Qd7 26. Nd5 Qh3 27. Ne7+ Kf8 28. Rxd4 f6 29. Qf5 Qh6 30. Nd5 Qc1+ 31. Kg2 Qxb2 32. Re4 Rd8 33. Qxh7 Kf7 34. Re7+ 1-0

[Event "Early-Titled-Tuesday-Blitz-March-26-2024"]
[Site "Chess.com"]
[Date "2024.03.26"]
[Round "3"]
[White "blitzking1729"]
[Black "ATM622"]
[Result "1-0"]
[WhiteElo "2758"]
[BlackElo "2503"]
[TimeControl "180+1"]
[EndTime "8:27:03 PDT"]
[Termination "blitzking1729 won by resignation"]

1. c4 Nf6 2. Nc3 e5 3. Nf3 Nc6 4. e3 Bb4 5. Qc2 Bxc3 6. Qxc3 Qe7 7. d4 exd4 8. Nxd4 Ne4 9. Qd3 Nb4 10. Qd1 Qh4 11. g3 Qf6 12. f3 Nd6 13. c5 Nf5 14. Nb3 Qe5 15. e4 Ne7 16. Bd2 Nec6 17. Bc3 Qg5 18. a3 Qe3+ 19. Be2 Na6 20. Bd2 Qxb3 21.
Qxb3 Nd4 22. Qc3 Nxe2 23. Qxg7 Rf8 24. Bh6 1-0

[Event "Early-Titled-Tuesday-Blitz-March-26-2024"]
[Site "Chess.com"]
[Date "2024.03.26"]
[Round "3"]
[White "Misterfox120"]
[Black "nindjaxx8"]
[Result "1-0"]
[WhiteElo "2474"]
[BlackElo "2639"]
[TimeControl "180+1"]
[EndTime "8:27:05 PDT"]
[Termination "Misterfox120 won by checkmate"]

1. d4 d5 2. Nc3 Nf6 3. Bf4 a6 4. e3 Bf5 5. Nf3 e6 6. Ne5 Nbd7 7. g4 Bg6 8. h4 h5 9. Nxg6 fxg6 10.
Bd3 Bd6 11. Bxg6+ Ke7 12. Bxd6+ cxd6 13. g5 Ng4 14. Bxh5 Rxh5 15. Qxg4 g6 16. O-O-O Qa5 17. e4 dxe4 18. Qxe4 Nf8 19. Qxb7+ Nd7 20. Qxa8 Qf5 21.
Qe4 Qxf2 22. Rdf1 Qg3 23. Qf4 Qg2 24. Qf3 Rxg5 25. hxg5 Qxg5+ 26. Qf4 Qa5 27. Qf7+ Kd8 28. Qxe6 Qg5+ 29. Kb1 Qg3 30. Rf7 Qg4 31. Rxd7+ Kc8 32. Rh8# 1-0

[Event "Early-Titled-Tuesday-Blitz-March-26-2024"]
[Site "Chess.com"]
[Date "2024.03.26"]
[Round "3"]
[White "Adar_07"]
[Black "JosefineHeinemann"]
[Result "1-0"]
[WhiteElo "2800"]
[BlackElo "2510"]
[TimeControl "180+1"]
[EndTime "8:27:06 PDT"]
[Termination "Adar_07 won by resignation"]

1. Nc3 d5 2. d4 Nf6 3. Bf4 c5 4. e3 cxd4 5. exd4 Bg4 6. f3 Bd7 7.
g4 e6 8. h4 h5 9. g5 Ng8 10.
g6 fxg6 11. Bd3 Ne7 12. Bg5 Qc7 13. Nge2 Nf5 14. Qd2 a6 15. Nf4 Kf7 16. Rg1 Bd6 17. O-O-O Nc6 18. Nxg6 Ncxd4 19. Nxh8+ Rxh8 20. Bxf5 Nxf5 21. Kb1 b5 22. Rge1 Re8 23. Nxd5 exd5 24. Qxd5+ Be6 25. Rxe6 Rxe6 26. Qxf5+ Rf6 27. Bxf6 1-0

[Event "Early-Titled-Tuesday-Blitz-March-26-2024"]
[Site "Chess.com"]
[Date "2024.03.26"]
[Round "3"]
[White "sorch29"]
[Black "knightinshiningarmour16"]
[Result "1-0"]
[WhiteElo "2463"]
[BlackElo "2247"]
[TimeControl "180+1"]
[EndTime "8:27:06 PDT"]
[Termination "sorch29 won by checkmate"]

1. c3 e5 2. d4 exd4 3. cxd4 d5 4.
Nc3 c6 5. Bf4 Nf6 6. e3 Bd6 7.
Bg5 Bf5 8. Qf3 Bg6 9. Bxf6 Qxf6 10. Qxf6 gxf6 11. h4 h5 12. Kd2 Nd7 13. Bd3 f5 14.
Nh3 Nf6 15. f3 O-O-O 16. a3 Rde8 17. Ne2 Kc7 18. Nhf4 Re7 19. Ng3 Bxf4 20. exf4 Rhe8 21. Rae1 Rxe1 22. Rxe1 Rxe1 23. Kxe1 Nd7 24. Bxf5 Nb6 25. b3 Kd6 26. Bxg6 fxg6 27. f5 gxf5 28. Nxh5 Ke7 29. Nf4 Kf6 30. g4 fxg4 31. fxg4 Nc8 32. g5+ Kf7 33. h5 Nd6 34. h6 Nf5 35. g6+ Kg8 36.
h7+ Kh8 37. Ne6 Ne7 38. Nf4 Nf5 39. Kf2 Nxd4 40. Nd3 Ne6 41. Ne5 c5 42. Nf7+ Kg7 43.
h8=Q+ Kxg6 44. Ne5+ Kf5 45. Qh5+ Ke4 46. Nf3 Nc7 47.
Qe5+ Kd3 48. Qxc7 c4 49. bxc4 dxc4 50. Qxb7 c3 51. Qd5+ Kc2 52. Ne1+ Kb2 53. Qd3 a5 54. Qc2+ Kxa3 55. Qxc3+ Ka2 56. Qxa5+ Kb1 57. Qb5+ Ka1 58. Nd3 Ka2 59. Qb2# 1-0

[Event "Early-Titled-Tuesday-Blitz-March-26-2024"]
[Site "Chess.com"]
[Date "2024.03.26"]
[Round "3"]
[White "ChristopherYoo"]
[Black "Susal_De_Silva"]
[Result "1-0"]
[WhiteElo "2979"]
[BlackElo "2760"]
[TimeControl "180+1"]
[EndTime "8:27:08 PDT"]
[Termination "ChristopherYoo won by checkmate"]

1. c4 e5 2. Nc3 Nf6 3. Nf3 Nc6 4. g3 d5 5. cxd5 Nxd5 6. Bg2 Nb6 7. O-O Be7 8. d3 O-O 9. Be3 Be6 10. Rc1 f5 11. a3 a5 12. Na4 e4 13. Ne1 exd3 14. Nxd3 Nc4 15. Bc5 Bd5 16. Bxd5+ Qxd5 17. Bxe7 Nxe7 18.
b3 Nxa3 19. Rxc7 Ng6 20. Nb6 Qd6 21. Nxa8 Rxa8 22. Qc1 Nb5 23. Qc4+ Kh8 24. Rxb7 Nd4 25.
Re1 Re8 26. Qf7 Rf8 27. Qxg7# 1-0

[Event "Early-Titled-Tuesday-Blitz-March-26-2024"]
[Site "Chess.com"]
[Date "2024.03.26"]
[Round "3"]
[White "Igor_Lysyj"]
[Black "Cobysters"]
[Result "1-0"]
[WhiteElo "2832"]
[BlackElo "2568"]
[TimeControl "180+1"]
[EndTime "8:27:08 PDT"]
[Termination "Igor_Lysyj won by resignation"]

1. d4 Nf6 2. c4 e6 3. Nf3 Bb4+ 4. Bd2 Be7 5. g3 b6 6. Bg2 Bb7 7. O-O O-O 8. Nc3 d5 9. cxd5 Nxd5 10. Nxd5 exd5 11. Rc1 c5 12. dxc5 bxc5 13. Ne5 Nd7 14. Nd3 Rc8 15. Nf4 Nb6 16. Ba5 Bg5 17.
b4 Bxf4 18. gxf4 c4 19. Qd4 Qf6 20. Qxf6 gxf6 21. Rfd1 Rfd8 22. b5 Kg7 23. Rc3 f5 24. Rg3+ Kf6 25. Bc3+ Ke6 26. Re3+ Kd6 27. Bb4+ Kc7 28.
Bh3 Rg8+ 29. Kf1 Rce8 30. Rxe8 Rxe8 31. Bxf5 h5 32. e3 Bc8 33. Bxc8 Rxc8 34. Ke2 Kd7 35.
Rg1 c3 36. Kd3 Na4 37. Kc2 Rc4 38. a3 Ke6 39. Rg5 d4 40. Re5+ Kf6 41. Rd5 dxe3 42. fxe3 Kg6 43. Rd7 Re4 44. Kd3 c2 45. Kxc2 Rxe3 46.
Rxa7 Nb6 47. Bc5 Re2+ 48. Kd3 Re6 49. Bxb6 Rxb6 50. Ra6 Rxa6 51. bxa6 Kf5 52. a7 Kg4 1-0

[Event "Early-Titled-Tuesday-Blitz-March-26-2024"]
[Site "Chess.com"]
[Date "2024.03.26"]
[Round "3"]
[White "szachuspl"]
[Black "artooon"]
[Result "0-1"]
[WhiteElo "2537"]
[BlackElo "3021"]
[TimeControl "180+1"]
[EndTime "8:27:08 PDT"]
[Termination "artooon won by checkmate"]

1. d4 Nf6 2. c4 e6 3. Nf3 d5 4. Nc3 Nbd7 5. e3 a6 6. b3 Bb4 7. Bd2 O-O 8. a3 Bd6 9. Be2 c6 10. O-O e5 11. dxe5 Nxe5 12. cxd5 cxd5 13. Nd4 Bd7 14.
b4 Rc8 15. Rc1 Nc4 16. Ra1 Nxd2 17. Qxd2 Bxh2+ 18. Kxh2 Qc7+ 19. Kg1 Qxc3 20. Rfd1 Ne4 21. Qxc3 Nxc3 22. Rd2 Nxe2+ 23. Nxe2 Be6 24. Rad1 g5 25. f3 Kg7 26. Kf2 h5 27. Rd3 Rc2 28.
R1d2 Rfc8 29. Ke1 Kf6 30. Nd4 Rc1+ 31. Rd1 R8c3 32. Rxc1 Rxd3 33. Nc2 Bf5 34. Nd4 Rxe3+ 35. Kf2 Rxa3 36. Rc7 b5 37. Rc6+ Be6 38. Rb6 h4 39. Nc6 Ra2+ 40. Kg1 Kf5 41. Nd4+ Kf4 42. Nxe6+ Kg3 43.
Nxg5 Ra1# 0-1

[Event "Early-Titled-Tuesday-Blitz-March-26-2024"]
[Site "Chess.com"]
[Date "2024.03.26"]
[Round "3"]
[White "JiiHart"]
[Black "AwareIdea"]
[Result "0-1"]
[WhiteElo "2205"]
[BlackElo "2507"]
[TimeControl "180+1"]
[EndTime "8:27:08 PDT"]
[Termination "AwareIdea won by resignation"]

1. e4 Nc6 2. Nf3 d5 3. exd5 Qxd5 4. Nc3 Qh5 5. d4 Bg4 6. Be2 O-O-O 7. Be3 Nf6 8. O-O e5 9. h3 exd4 10. Nxd4 Nxd4 11.
Bxd4 Bxe2 12. Nxe2 c5 13. c3 cxd4 14. cxd4 Kb8 15.
Rc1 Bd6 16. Qd3 Rhe8 17. Nc3 Qg6 18. Qf3 a6 19. a3 Ne4 20. Nxe4 Rxe4 21. Rc4 Rde8 22.
Qd1 Re2 23. Qc1 Qh6 24. Qxh6 gxh6 25. b4 Rd2 26. Rfc1 f5 27. g3 f4 28. g4 h5 29.
R4c3 hxg4 30. hxg4 Rxd4 0-1

[Event "Early-Titled-Tuesday-Blitz-March-26-2024"]
[Site "Chess.com"]
[Date "2024.03.26"]
[Round "3"]
[White "xakevicius91"]
[Black "FGHSMN"]
[Result "0-1"]
[WhiteElo "2532"]
[BlackElo "2959"]
[TimeControl "180+1"]
[EndTime "8:27:09 PDT"]
[Termination "FGHSMN won by checkmate"]

1. e4 e5 2. Nf3 Nc6 3. d4 exd4 4. Nxd4 Qf6 5. Nf3 Bb4+ 6. c3 Bc5 7. Be2 Nge7 8. O-O h6 9. Nbd2 d6 10. Qc2 g5 11. b4 Bb6 12. Nc4 Ng6 13. Be3 g4 14. Nfd2 h5 15. a4 h4 16. a5 Bxe3 17. fxe3 Qg5 18. Kh1 g3 19. Nf3 Qe7 20. h3 Be6 21. b5 Nce5 22. Nfxe5 dxe5 23. b6 c6 24. a6 O-O 25.
axb7 Qxb7 26. bxa7 Rxa7 27. Nd6 Qd7 28. Rxa7 Qxa7 29. Nf5 Rd8 30. Bh5 Bc4 31. Re1 Bd3 32. Qb3 Kh7 33. Bxg6+ fxg6 34. Nxh4 Bxe4 35. Rf1 Rf8 36.
Rxf8 Qa1+ 37. Rf1 Qxf1# 0-1

[Event "Early-Titled-Tuesday-Blitz-March-26-2024"]
[Site "Chess.com"]
[Date "2024.03.26"]
[Round "3"]
[White "Josgar05"]
[Black "SharapovEvgeny"]
[Result "0-1"]
[WhiteElo "2381"]
[BlackElo "2565"]
[TimeControl "180+1"]
[EndTime "8:27:09 PDT"]
[Termination "SharapovEvgeny won by checkmate"]

1. Nf3 c5 2. b3 Nc6 3. Bb2 Nf6 4. e3 g6 5. Be2 Bg7 6. O-O O-O 7. d4 cxd4 8. exd4 d5 9. c4 Bf5 10. Nc3 Rc8 11. Rc1 Bg4 12. c5 Ne4 13. h3 Bxf3 14. Bxf3 Nxc3 15. Bxc3 a5 16. a3 e6 17. b4 axb4 18.
axb4 Ne7 19. b5 Nf5 20. Bg4 h5 21. Bxf5 exf5 22. Qd2 Qd7 23. Rfe1 Qxb5 24. Rb1 Qd7 25. Rb6 Rc6 26. Reb1 Rxb6 27. Rxb6 Re8 28. Qb2 Re7 29. Bd2 Qa4 30. Be3 f4 31. Bxf4 Qd1+ 32. Kh2 Bxd4 33.
Qa2 Bxc5 34. Rb5 b6 35. Rb1 Qd4 36. Bh6 Qxf2 37. Qa8+ Kh7 38. Qf8 Bd6+ 39. Kh1 Re1+ 40.
Rxe1 Qxe1# 0-1

[Event "Early-Titled-Tuesday-Blitz-March-26-2024"]
[Site "Chess.com"]
[Date "2024.03.26"]
[Round "3"]
[White "Dewarfd"]
[Black "ploxoi"]
[Result "0-1"]
[WhiteElo "2157"]
[BlackElo "2409"]
[TimeControl "180+1"]
[EndTime "8:27:09 PDT"]
[Termination "ploxoi won on time"]

1. c4 e6 2. e4 d5 3. cxd5 exd5 4. exd5 Nf6 5. Nc3 Nxd5 6. d4 Be6 7. Nf3 Be7 8. Bd3 O-O 9. O-O h6 10. Re1 Nd7 11.
Bd2 c6 12. Rc1 Qb6 13. Na4 Qc7 14. Nc5 Nxc5 15. dxc5 Rad8 16. Bb1 Bf6 17. Qc2 g6 18. Bxh6 Rfe8 19. a3 Nf4 20. Bxf4 Qxf4 21. Re4 Qb8 22. Rce1 Bd5 23. Rxe8+ Rxe8 24. Rxe8+ Qxe8 25. Qd2 Kg7 26. Qe1 Qxe1+ 27. Nxe1 Bxb2 28. a4 Bd4 29. Nd3 Bb3 30.
a5 a6 31. Kf1 Bc3 32. Ke2 Bxa5 33. Ne5 Bb4 34. Nd3 Bc3 35. Ke3 a5 36. Nc1 Bc4 37.
Ne2 Bb4 38. Nc1 Bxc5+ 39. Ke4 Bxf2 40. Bd3 Bd5+ 41. Ke5 a4 42. Kd6 a3 0-1

[Event "Early-Titled-Tuesday-Blitz-March-26-2024"]
[Site "Chess.com"]
[Date "2024.03.26"]
[Round "3"]
[White "ActorXu"]
[Black "Likvidator228"]
[Result "1-0"]
[WhiteElo "2856"]
[BlackElo "2577"]
[TimeControl "180+1"]
[EndTime "8:27:10 PDT"]
[Termination "ActorXu won by resignation"]

1. e4 c5 2. Nf3 g6 3. c3 Bg7 4. d4 cxd4 5. cxd4 d5 6. e5 a6 7. h3 Nc6 8. Nc3 f6 9. Bf4 fxe5 10. Nxe5 Nxe5 11. Bxe5 Bxe5 12. dxe5 e6 13. Bd3 Ne7 14. O-O O-O 15. Qg4 Nc6 16. Rae1 Qe7 17. f4 Qg7 18. Kh2 b5 19. h4 b4 20. Ne2 a5 21. Rc1 Nd8 22. Nd4 Qf7 23. h5 Kg7 24. Rc5 Nb7 25. Rxc8 Raxc8 26. Nxe6+ Kg8 27. hxg6 hxg6 28. Bxg6 Qe7 29. Rf3 Nc5 30. Bf5+ Kh8 31. Rh3+ 1-0

[Event "Early-Titled-Tuesday-Blitz-March-26-2024"]
[Site "Chess.com"]
[Date "2024.03.26"]
[Round "3"]
[White "Orest_Vovk"]
[Black "erugee"]
[Result "1-0"]
[WhiteElo "2571"]
[BlackElo "2334"]
[TimeControl "180+1"]
[EndTime "8:27:12 PDT"]
[Termination "Orest_Vovk won by resignation"]

1. h4 e5 2. h5 d5 3. h6 Nxh6 4. d4 Nf5 5. dxe5 Nc6 6. e4 dxe4 7. Qxd8+ Nxd8 8. Nc3 e3 9. fxe3 Ng3 10. Rh4 Nxf1 11. Kxf1 c6 12. e4 Be7 13. Rh2 Ne6 14. Nf3 Bd7 15. Be3 b6 16. Ke2 O-O-O 17. a4 Bc5 18. a5 Bxe3 19. Kxe3 Kb7 20. axb6 axb6 21. Nd4 Nxd4 22. Kxd4 h6 23. Ke3 Be6 24. Ne2 Rhe8 25. Nd4 Bg4 26. Rf1 Rd7 27. Rh4 h5 28. Nf3 g6 29. Kf4 Rde7 30. Rxg4 hxg4 31. Kxg4 Ra8 32. Kg5 Ra2 33. Kf6 Rc7 34. Ng5 Rxb2 35. Nxf7 Rxc2 36.
e6 Re2 37. e5 Rxg2 38. e7 Rxe7 39. Kxe7 Re2 40. e6 b5 41. Rf4 c5 42. Re4 Rxe4 43.
Nd6+ Kc6 44. Nxe4 b4 45. Kf7 c4 46. e7 c3 47. e8=Q+ 1-0

[Event "Early-Titled-Tuesday-Blitz-March-26-2024"]
[Site "Chess.com"]
[Date "2024.03.26"]
[Round "3"]
[White "masnyszachistaaa"]
[Black "ilya2700"]
[Result "1-0"]
[WhiteElo "2572"]
[BlackElo "2338"]
[TimeControl "180+1"]
[EndTime "8:27:14 PDT"]
[Termination "masnyszachistaaa won by checkmate"]

1. c4 Nf6 2. Nf3 g6 3. b3 Bg7 4. Bb2 O-O 5. g3 d6 6. Bg2 e5 7. O-O e4 8. Ng5 Re8 9. Nc3 h6 10. Nh3 g5 11. d3 Bg4 12. f3 exf3 13. exf3 Bf5 14. f4 Bxh3 15. Bxh3 Nc6 16. fxg5 hxg5 17. Ne2 Ne5 18. Nd4 g4 19. Bg2 c6 20. Nf5 Re6 21.
Qd2 Ned7 22. Nxg7 Kxg7 23. Qg5+ Kf8 24. Rae1 Ke7 25. Rxe6+ fxe6 26. Qg7+ Ke8 27. Rxf6 Nxf6 28. Bxf6 Qb6+ 29. d4 Qb4 30. Qe7# 1-0

[Event "Early-Titled-Tuesday-Blitz-March-26-2024"]
[Site "Chess.com"]
[Date "2024.03.26"]
[Round "3"]
[White "EternalNight8"]
[Black "GeorgiosSouleidis"]
[Result "1-0"]
[WhiteElo "2460"]
[BlackElo "2613"]
[TimeControl "180+1"]
[EndTime "8:27:15 PDT"]
[Termination "EternalNight8 won by resignation"]

1. d4 Nf6 2. Bg5 d5 3. e3 c5 4.
Bxf6 gxf6 5. dxc5 Qa5+ 6. Nc3 e6 7. a3 Qxc5 8. Nf3 Nc6 9. Be2 Bg7 10. O-O O-O 11.
Qd2 f5 12. Rad1 b6 13. Nb5 Ba6 14. b4 Qe7 15. Nbd4 Nxd4 16. Nxd4 Bxe2 17. Qxe2 Rfc8 18. Rd3 Rc4 19. b5 a6 20. bxa6 Rxa6 21. Rb1 Qc5 22. h3 Bxd4 23. exd4 Rxd4 24. Rxd4 Qxd4 25. Qxa6 1-0

[Event "Early-Titled-Tuesday-Blitz-March-26-2024"]
[Site "Chess.com"]
[Date "2024.03.26"]
[Round "3"]
[White "RichardShtivelband"]
[Black "NikitaShnadrygin"]
[Result "0-1"]
[WhiteElo "2455"]
[BlackElo "2650"]
[TimeControl "180+1"]
[EndTime "8:27:16 PDT"]
[Termination "NikitaShnadrygin won by resignation"]

1. d4 d5 2. c4 Nc6 3. cxd5 Qxd5 4. Nf3 e5 5. Nc3 Bb4 6. Bd2 Bxc3 7. Bxc3 e4 8. Ne5 e3 9. f3 Nge7 10. g3 h5 11. Bg2 h4 12. O-O hxg3 13. hxg3 Bh3 14.
Qc1 Nf5 15. Nxc6 bxc6 16. g4 Bxg2 17. Kxg2 Qd6 18. f4 Qd5+ 19. Rf3 Nh4+ 20. Kg3 Nxf3 21. Qxe3+ Kd7 22. Qxf3 Rae8 23. Re1 Re4 24. e3 g5 25.
fxg5 Qd6+ 26. Kg2 Qh2+ 27. Kf1 Qh1+ 28. Ke2 Rh2+ 29. Kd3 Qxf3 0-1

[Event "Early-Titled-Tuesday-Blitz-March-26-2024"]
[Site "Chess.com"]
[Date "2024.03.26"]
[Round "3"]
[White "venturov"]
[Black "stollenmonster"]
[Result "0-1"]
[WhiteElo "2524"]
[BlackElo "2900"]
[TimeControl "180+1"]
[EndTime "8:27:17 PDT"]
[Termination "stollenmonster won by resignation"]

1. e4 c5 2. Nf3 Nf6 3. d3 Nc6 4. g3 g6 5. Bg2 Bg7 6. O-O O-O 7. Re1 d5 8. Nbd2 e5 9. exd5 Nxd5 10. Nc4 Re8 11.
Bd2 h6 12. a3 Nb6 13. Na5 Nxa5 14. Bxa5 Bd7 15. Nd2 Qc8 16. Ne4 Qc7 17. Nc3 Bc6 18.
Nd5 Qd6 19. Bxb6 Bxd5 20. Ba5 b6 21. Bc3 Rad8 22. Qe2 f5 23. f4 Bxg2 24. Kxg2 exf4 25. Qxe8+ Rxe8 26. Rxe8+ Kf7 27. Rae1 Bxc3 28. bxc3 fxg3 29. hxg3 Qc6+ 30. Kf2 Qxe8 31. Rxe8 Kxe8 32. d4 Kd7 33. Ke3 Kd6 34. c4 cxd4+ 35. Kxd4 g5 36. a4 h5 37. a5 bxa5 38. c5+ Kc6 39. Ke5 h4 0-1

[Event "Early-Titled-Tuesday-Blitz-March-26-2024"]
[Site "Chess.com"]
[Date "2024.03.26"]
[Round "3"]
[White "Roosters19"]
[Black "xasid81"]
[Result "0-1"]
[WhiteElo "2296"]
[BlackElo "2582"]
[TimeControl "180+1"]
[EndTime "8:27:18 PDT"]
[Termination "xasid81 won by resignation"]

1. d4 a6 2. Nf3 g6 3. Bf4 Bg7 4.
Qd2 d6 5. Nc3 h6 6. a3 b5 7. e4 e6 8. h4 Bb7 9. Be3 Nf6 10. Bd3 Ng4 11. Bf4 Nd7 12. Rd1 e5 13.
dxe5 Ngxe5 14. Be2 Nxf3+ 15. gxf3 Ne5 16. Nd5 Kf8 17. c3 Rc8 18. Be3 Kg8 19. Bd4 Bxd5 20.
exd5 Qe7 21. Kf1 h5 22. f4 Ng4 23. Bxg4 hxg4 24. f5 Qe4 25. Rg1 Qxf5 26. Bxg7 Kxg7 27. Qd4+ Qf6 28. Rxg4 Qxd4 29. Rdxd4 Rce8 30. Rge4 Re5 31. Kg2 Rhe8 32. f3 f5 33. Rxe5 Rxe5 34. Kf2 Kf6 35. c4 bxc4 36. Rxc4 Rxd5 37. Rxc7 Rd2+ 38. Kg3 Rxb2 39. Rc6 Ke5 40. Rxa6 Ra2 41. Ra5+ d5 42. f4+ Ke4 43. Ra8 d4 44. Re8+ Kd5 45. Rd8+ Kc4 46. Rc8+ Kb3 47. Rb8+ Kc2 48. Rc8+ Kd2 49. Rc6 Rxa3+ 50.
Kf2 Rh3 51. Rxg6 Rxh4 52. Rg5 Rxf4+ 53. Kg3 Rg4+ 54. Rxg4 fxg4 55. Kxg4 Ke3 0-1

[Event "Early-Titled-Tuesday-Blitz-March-26-2024"]
[Site "Chess.com"]
[Date "2024.03.26"]
[Round "3"]
[White "RebecaJimnz"]
[Black "Happy1712Drummer"]
[Result "1-0"]
[WhiteElo "2257"]
[BlackElo "2434"]
[TimeControl "180+1"]
[EndTime "8:27:19 PDT"]
[Termination "RebecaJimnz won by resignation"]

1. e4 c5 2. Nc3 Nc6 3. g3 g6 4. Bg2 Bg7 5. d3 Rb8 6. Be3 d6 7. Qd2 b5 8. Nge2 b4 9. Nd1 Nd4 10.
O-O e6 11. Nc1 h5 12. c3 bxc3 13. bxc3 Nc6 14. h3 Nge7 15. f4 Bd7 16. Ne2 Qa5 17. f5 exf5 18. exf5 Nxf5 19. Rxf5 gxf5 20. Nf4 Kf8 21. Nd5 Ne5 22. Bg5 Be6 23. Be7+ Ke8 24. Bxd6 Bxd5 25. Bxb8 Bxg2 26. Qxg2 Qd8 27. Bxa7 Nxd3 28.
Rb1 Qa5 29. Qc6+ Ke7 30. Rb7+ Kf8 31. Qc8+ 1-0

[Event "Early-Titled-Tuesday-Blitz-March-26-2024"]
[Site "Chess.com"]
[Date "2024.03.26"]
[Round "3"]
[White "dretch"]
[Black "YoreDea"]
[Result "1-0"]
[WhiteElo "2872"]
[BlackElo "2521"]
[TimeControl "180+1"]
[EndTime "8:27:21 PDT"]
[Termination "dretch won by checkmate"]

1. d4 d5 2. c4 e6 3. Nc3 Nf6 4. cxd5 exd5 5. Bg5 Nbd7 6. e3 c6 7. Bd3 Be7 8. Nge2 Nf8 9. Qc2 Ne6 10. Bh4 h6 11. f3 O-O 12. O-O-O b5 13. g4 a5 14.
Rhg1 a4 15. g5 hxg5 16. Bxg5 a3 17. b4 Bxb4 18. h4 Be7 19. Ng3 b4 20. Na4 Qa5 21. Nf5 Bd8 22. Nxg7 Nxg7 23. Bh6 Ne8 24. Rxg7+ Nxg7 25. Rg1 Bf6 26. Rxg7+ Bxg7 27. Qg2 Bg4 28. Qxg4 Qc5+ 29.
dxc5 b3 30. Qxg7# 1-0

[Event "Early-Titled-Tuesday-Blitz-March-26-2024"]
[Site "Chess.com"]
[Date "2024.03.26"]
[Round "3"]
[White "kyuotbi"]
[Black "biveklama"]
[Result "0-1"]
[WhiteElo "2298"]
[BlackElo "2564"]
[TimeControl "180+1"]
[EndTime "8:27:22 PDT"]
[Termination "biveklama won by resignation"]

1. e4 c5 2. Nf3 d6 3. d4 cxd4 4. Nxd4 Nf6 5. Nc3 e5 6. Bb5+ Nbd7 7. Nf5 a6 8. Bxd7+ Qxd7 9. Ne3 Qc6 10. Ned5 Nxd5 11. Nxd5 Be6 12. O-O Bxd5 13. exd5 Qd7 14. f4 f5 15. fxe5 dxe5 16. c4 Bc5+ 17. Kh1 O-O 18. Bd2 Rae8 19. Qe2 e4 20. b4 Bd4 21. Rad1 Be5 22. Bf4 Bxf4 23. Rxf4 Qd6 24. Rdf1 Qxb4 25.
Rxf5 Rxf5 26. Rxf5 e3 27. Rf1 h6 28. Qh5 Rf8 29.
Rxf8+ Qxf8 30. Qd1 Qf2 31. Qg1 Qd2 32. d6 e2 33. d7 Qxd7 0-1

[Event "Early-Titled-Tuesday-Blitz-March-26-2024"]
[Site "Chess.com"]
[Date "2024.03.26"]
[Round "3"]
[White "Joachim100x"]
[Black "PeshkaCh"]
[Result "0-1"]
[WhiteElo "2515"]
[BlackElo "2851"]
[TimeControl "180+1"]
[EndTime "8:27:23 PDT"]
[Termination "PeshkaCh won by resignation"]

1. e4 e5 2. Nf3 Nc6 3. Bb5 a6 4.
Bxc6 dxc6 5. O-O Bd6 6. d4 exd4 7. Qxd4 f6 8. Nc3 Ne7 9. Be3 Ng6 10. Rad1 Qe7 11. Rfe1 O-O 12. h3 Be6 13. Qd2 Rad8 14. Nd4 Bc8 15. Qc1 Qe5 16. Nf3 Qh5 17. e5 Nxe5 18.
Nxe5 Bxe5 19. Rxd8 Rxd8 20. f4 Bd6 21. Ne4 Bxh3 22.
Nxd6 Qg6 23. Qd2 Rxd6 24. Qf2 Bf5 25. c3 Be4 26. Bd4 Re6 27. Re3 Qf5 28. Qh4 c5 29. g4 Qd5 30. f5 Re8 31. Bxf6 gxf6 32. Qxf6 Qd1+ 33. Kf2 Qd2+ 34. Re2 Qf4+ 35. Ke1 Qg3+ 36. Kd2 Qd6+ 37. Qxd6 cxd6 0-1

[Event "Early-Titled-Tuesday-Blitz-March-26-2024"]
[Site "Chess.com"]
[Date "2024.03.26"]
[Round "3"]
[White "MaxLeto"]
[Black "WiktoriaPOL"]
[Result "1-0"]
[WhiteElo "2489"]
[BlackElo "2268"]
[TimeControl "180+1"]
[EndTime "8:27:24 PDT"]
[Termination "MaxLeto won on time"]

1. a3 d5 2. b3 e5 3. c3 Nf6 4.
d3 c5 5. e3 Nc6 6. f3 Bd6 7.
g3 Be6 8. h3 h5 9. Ne2 e4 10. dxe4 dxe4 11. f4 O-O 12. c4 Qc7 13. Nbc3 a6 14. Bb2 Rad8 15. Qc2 Qa5 16. O-O-O Bf5 17. Kb1 b5 18. Nd5 Nxd5 19. cxd5 Ne7 20.
Bg2 c4 21. b4 Qb6 22. Nd4 Bg6 23. g4 Nxd5 24. Bc1 Nf6 25. f5 Bh7 26. g5 Nd7 27.
Bxe4 Ne5 28. g6 fxg6 29. fxg6 Nxg6 30. Bxg6 Bxg6 31. Qxg6 Rf2 32. Rhg1 Qc7 33. Ne6 1-0

[Event "Early-Titled-Tuesday-Blitz-March-26-2024"]
[Site "Chess.com"]
[Date "2024.03.26"]
[Round "3"]
[White "Bauman_Guy"]
[Black "Agibileg"]
[Result "0-1"]
[WhiteElo "2910"]
[BlackElo "2753"]
[TimeControl "180+1"]
[EndTime "8:27:26 PDT"]
[Termination "Agibileg won by resignation"]

1. e4 e5 2. Nf3 Nc6 3. Bb5 a6 4.
Ba4 Nf6 5. O-O d6 6. d4 b5 7. Bb3 Nxd4 8. Nxd4 exd4 9. Bg5 Be7 10. a4 Bb7 11. Qxd4 c5 12. Qd1 c4 13. Ba2 O-O 14. f3 Nh5 15. Bxe7 Qxe7 16. Nc3 Nf4 17. Qd2 Qg5 18. Kh1 Rfd8 19. g3 Ne6 20. Qxg5 Nxg5 21. h4 Ne6 22. axb5 axb5 23. Nxb5 d5 24.
exd5 Bxd5 25. Nc3 Bb7 26. Bxc4 Bxf3+ 27. Kg1 Rxa1 28. Rxa1 Rd2 29. Be2 Bxe2 30. Ra8+ Nf8 31. Re8 Bf3 32. Re3 Bc6 33. b4 Rxc2 34. b5 Bb7 35. Re4 Rxc3 0-1

[Event "Early-Titled-Tuesday-Blitz-March-26-2024"]
[Site "Chess.com"]
[Date "2024.03.26"]
[Round "3"]
[White "Gorbaev"]
[Black "Kostukov_Alex"]
[Result "1-0"]
[WhiteElo "2502"]
[BlackElo "2270"]
[TimeControl "180+1"]
[EndTime "8:27:26 PDT"]
[Termination "Gorbaev won on time"]

1. Nf3 c5 2. c4 g6 3. Nc3 Bg7 4. g3 Nf6 5. Bg2 O-O 6. d4 cxd4 7. Nxd4 Nc6 8. Nc2 d6 9. O-O Be6 10. b3 Qa5 11. Bd2 Qh5 12. Ne3 Ne5 13. Rc1 Bh3 14. Ncd5 Bxg2 15. Nxe7+ Kh8 16. Kxg2 Rae8 17. N7d5 Nxd5 18.
Nxd5 g5 19. h3 f5 20. Bc3 f4 21. Bxe5 Rxe5 22. g4 Qe8 23. Rc2 h5 24. f3 Qg6 25.
Qd3 Qe6 26. Rd2 Re8 27. Rf2 Kg8 28. Kf1 1-0